 Dungeon Crawl Stone Soup version 0.23-a0-767-gdc19b93d68 (webtiles) character file.

582 LLavrengius the Changer (level 7, -4/50 HPs)
             Began as an Octopode Transmuter on Jan 27, 2019.
             Was a Follower of Wu Jian.
             Slain by a phantom (9 damage)
             ... on level 5 of the Dungeon.
             The game lasted 00:18:23 (5266 turns).

LLavrengius the Changer (Octopode Transmuter)       Turns: 5266, Time: 00:18:23

Health: -4/50      AC:  2    Str: 13    XL:     7   Next: 36%
Magic:  8/10       EV: 20    Int: 17    God:    Wu Jian [*.....]
Gold:   226        SH:  0    Dex: 18    Spells: 4/10 levels left

rFire    . . .     SeeInvis .     - Unarmed
rCold    . . .     Gourm    +   (shield currently unavailable)
rNeg     + . .     Faith    .   (helmet currently unavailable)
rPois    x         Spirit   .   p - amulet of the gourmand
rElec    .         Reflect  .   b - ring of flight
rCorr    .         Harm     .   j - +4 ring of strength
MR       .....                  n - ring of positive energy
Stlth    ++........             (no ring)
HPRegen  0.16/turn              (no ring)
MPRegen  0.12/turn              (no ring)
                                (no ring)
                                (no ring)

@: spider-form (expiring)
A: tiny, almost no armour, stealthy swim, (amphibious), 8 rings, (constrict 8)
a: End Transformation, Renounce Religion, Evoke Flight


You were on level 5 of the Dungeon.
You worshipped Wu Jian.
Wu Jian was aware of your devotion.
You were completely stuffed.
You were a venomous arachnid creature.
You visited 1 branch of the dungeon, and saw 5 of its levels.

You collected 226 gold pieces.

Inventory:

Hand Weapons
 h - a +0 spear
Missiles
 a - 46 arrows
Jewellery
 b - a ring of flight (left front leg)
 j - a +4 ring of strength (right front leg)
 n - a ring of positive energy (on tentacle)
 p - an amulet of the gourmand (around neck)
Wands
 r - a wand of digging (6)
Scrolls
 e - 4 scrolls of identify {unknown}
 g - 3 scrolls of fog {unknown}
 i - a scroll of magic mapping {unknown}
 m - a scroll of remove curse {unknown}
 o - 4 scrolls of teleportation {unknown}
 q - a scroll of amnesia {unknown}
Potions
 d - a potion of mutation {unknown}
 f - a potion of heal wounds {unknown}
 k - 2 potions of curing {unknown}
 l - a potion of might {unknown}
 s - 2 potions of degeneration {unknown}
 t - a potion of berserk rage {unknown}
Comestibles
 c - 3 rations
 u - 3 chunks of flesh


   Skills:
 + Level 5.1 Fighting
 - Level 2.0 Dodging
 - Level 1.0 Stealth
 + Level 4.1 Unarmed Combat
 - Level 2.0 Spellcasting
 - Level 5.1 Transmutations
 + Level 0.0 Poison Magic


You had 4 spell levels left.
You knew the following spells:

 Your Spells              Type           Power        Failure   Level  Hunger
a - Beastly Appendage     Tmut           ###...       9%          1    #......
b - Sticks to Snakes      Tmut           ###.....     12%         2    ###....
c - Spider Form           Tmut/Pois      ##........   41%         3    ###....

Your spell library contained the following spells:

 Spells                   Type           Power        Failure   Level  Hunger
 Ice Form                 Ice/Tmut       ##......     77%         4    #####..
 Blade Hands              Tmut           ###.......   75%         5    ######.


Dungeon Overview and Level Annotations

Branches:
Dungeon (5/15)
 Temple: D:4-7

Altars:
Nemelex Xobeh
Qazlal
Trog
Wu Jian


Innate Abilities, Weirdness & Mutations

You cannot wear most types of armour.
You are very stealthy in the water. (Stealth+)
((You are amphibious.))
You can wear up to eight rings at the same time.
((You can use your tentacles to constrict eight enemies at once.))
((Your skin changes colour to match your surroundings (Stealth+).))
((Your rubbery body absorbs attacks. (AC +1, EV +1)))


Message History

You closely miss the phantom.
The phantom is almost destroyed.
The phantom hits you.
* * * LOW HITPOINT WARNING * * *
You hit the phantom.
The phantom is almost destroyed.
The phantom barely misses you.
You completely miss the phantom.
The phantom is almost destroyed.
The phantom blinks!
Your transformation is almost over.
The phantom blinks!
You lunge at the phantom.
You hit the phantom but do no damage.
The phantom is almost destroyed.
The phantom hits you.
* * * LOW HITPOINT WARNING * * *
The phantom blinks!
The phantom blinks!
The phantom hits you!
You die...

.................#
#.#.#.#.#.#.#.#.#.#
#.................##
.#.#.#.#.#.#.#.#.#.#
...................##
#.#.#.#.#.#.#.#.#.#.#
....................##
.#!#.#.#.#.#.#.#.#.#)######
................s....<....#
#.#.#.#.#.#.#.#.#W#.#####.#
...................## #.#
.#.#.#.#.#.#.#.#.#.# #.#
..................## #.#
..#.#.#.#.#.#.#.#.# #.# #
.............## #.#
#.#.#.#.#.#.#.# ####.#
.............## #....#


You could see a phantom.

Vanquished Creatures
  An orc warrior (D:4)
  A phantom (D:3)
  An ogre (D:5)
  A scorpion (D:4)
  Jessica (D:2)
  Terence (D:2)
  3 worker ants
  3 adders
  2 gnolls (D:1)
  3 oozes (D:1)
  2 adder skeletons
  3 worms
  2 dart slugs (D:1)
  2 leopard geckos (D:4)
  4 orcs (D:4)
  6 giant cockroaches
  3 goblins
  4 hobgoblins (D:1)
  13 jackals
  A quokka (D:3)
  8 bats
  6 frilled lizards
  7 kobolds
  15 rats
93 creatures vanquished.

Notes
Turn   | Place    | Note
-------+----------+-------------------------------------------
     0 | D:1      | LLavrengius the Octopode Transmuter began the quest for the
                  | Orb.
     0 | D:1      | Reached XP level 1. HP: 13/13 MP: 3/3
     1 | D:1      | Found a runed door.
   362 | D:1      | Reached skill level 1 in Stealth
   362 | D:1      | Reached XP level 2. HP: 18/18 MP: 5/5
   388 | D:1      | Reached XP level 3. HP: 12/23 MP: 6/6
  1316 | D:1      | Reached XP level 4. HP: 22/28 MP: 7/7
  1372 | D:1      | Learned a level 2 spell: Sticks to Snakes
  1376 | D:1      | Learned a level 3 spell: Spider Form
  1522 | D:2      | Noticed Terence
  1663 | D:2      | Killed Terence
  1853 | D:2      | Noticed Jessica
  1855 | D:2      | Found an ornate altar of the Wu Jian Council.
  1866 | D:2      | Killed Jessica
  1866 | D:2      | Reached XP level 5. HP: 16/33 MP: 8/8
  2039 | D:2      | Became a worshipper of the Wu Jian Council
  2584 | D:3      | Found a sparkling altar of Nemelex Xobeh.
  2824 | D:3      | Noticed an air elemental
  2827 | D:3      | Found a stormy altar of Qazlal.
  2832 | D:3      | Noticed a fire elemental
  2832 | D:3      | Noticed a water elemental
  2947 | D:3      | Found a bloodstained altar of Trog.
  2958 | D:3      | Reached * piety under Wu Jian
  3580 | D:4      | Noticed an orc warrior
  3861 | D:4      | Killed an orc warrior
  3861 | D:4      | Reached skill level 5 in Transmutations
  3861 | D:4      | Reached XP level 6. HP: 16/41 MP: 2/9
  4196 | D:4      | Noticed a phantom
  4258 | D:3      | Killed a phantom
  4548 | D:4      | Reached XP level 7. HP: 47/48 MP: 3/10
  5096 | D:5      | Entered Level 5 of the Dungeon
  5158 | D:5      | Reached skill level 5 in Fighting
  5266 | D:5      | Slain by a phantom

Vault maps used:
D:1:      dpeg_arrival_caged_fury, chequers_serial_rivers_large_a,
          lemuel_old_faithful
D:2:      lemuel_crystal_altar, nicolae_overflow_hidden_temple,
          minmay_tromino_i2, uniq_jessica, uniq_terence
D:3:      nicolae_qazlal_style_of_elements, overflow_temple_1_default,
          first_ration, trog_three_pillars_becter
D:5:      minmay_temple_entry_arrows, hex_large, corexii_shack

Skill      XL: |  1  2  3  4  5  6  7 |
---------------+----------------------+-----
Stealth        | 1 |  1.0
Transmutations | 3 4 5 |  5.1
Unarmed Combat | 4 |  4.1
Fighting       | 2 4 5 |  5.1
Dodging        | |  2.0
Spellcasting   | |  2.0

Action                   |  1- 3 |  4- 6 |  7- 9 || total
-------------------------+-------+-------+-------++-------
Melee: Unarmed           |    76 |   118 |    44 ||   238
       Constrict         |    20 |    17 |     3 ||    40
       Tentacles         |    12 |    15 |     5 ||    32
       Punch             |     2 |     5 |       ||     7
       Kick              |    16 |       |       ||    16
       Spear             |    23 |     3 |       ||    26
 Cast: Beastly Appendage |     2 |       |     1 ||     3
       Spider Form       |       |     6 |     3 ||     9
       Sticks to Snakes  |       |     4 |       ||     4
Invok: Lunge             |       |     9 |     5 ||    14
 Stab: Sleeping          |     7 |     6 |     2 ||    15
       Distracted        |       |     2 |       ||     2
  Eat: Chunk             |     1 |    10 |    10 ||    21
       Ration            |       |     1 |       ||     1
Armor: Skin              |    12 |     7 |     1 ||    20
Dodge: Dodged            |    45 |    59 |    25 ||   129

Table legend:
 A = Non-vault XP
 B = Vault XP
 C = Vault XP percentage of total XP
 D = Non-vault monster count
 E = Vault monster count
 F = Vault count percentage of total count
                 A         B        C        D         E       F
            +---------+---------+-------+---------+---------+-------
      Total |     717 |     115 |  13.8 |      76 |      17 |  18.3
            +---------+---------+-------+---------+---------+-------
        D:1 |      66 |      36 |  35.3 |      25 |      13 |  34.2
        D:2 |      39 |      79 |  66.9 |      10 |       4 |  28.6
        D:3 |     190 |       0 |   0.0 |      19 |       0 |   0.0
        D:4 |     262 |       0 |   0.0 |      18 |       0 |   0.0
        D:5 |     160 |       0 |   0.0 |       4 |       0 |   0.0
            +---------+---------+-------+---------+---------+-------
